 Dungeon Crawl Stone Soup version 0.16-a0-956-g65bd446 (webtiles) character file.

108 PolkaDot the Caller (level 4, -5/33 HPs)
             Began as a Vampire Summoner on Oct 1, 2014.
             Slain by a centaur skeleton (6 damage)
             ... on Level 3 of the Dungeon.
             The game lasted 00:05:42 (1940 turns).

PolkaDot the Caller (Vampire Summoner)              Turns: 1940, Time: 00:05:42

HP  -5/33        AC  2     Str  7      XL: 4   Next: 58%
MP   4/7         EV 13     Int 18      God:
Gold 113         SH  0     Dex 14      Spells:  3 memorised,  1 level left

rFire  . . .     SeeInvis +     l - +1 dagger (drain)
rCold  . . .     Clarity  .     a - +0 robe
rNeg   + . .     rCorr    .     (no shield)
rPois  .         rRot     .     (no helmet)
rElec  .         Spirit   .     (no cloak)
SustAb .         Warding  +     (no gloves)
rMut   .         Stasis   .     (no boots)
Gourm  .                        c - amulet of warding
MR     .....                    (no ring)
                                (no ring)

@: regenerating quickly, not resistant to hostile enchantments, unstealthy
A: fangs 3, see invisible, unbreathing
a: no special abilities


You were on level 3 of the Dungeon.
You were very full.

You visited 1 branch of the dungeon, and saw 3 of its levels.

You collected 113 gold pieces.

Inventory:

Hand weapons
 l - a +1 dagger of draining (weapon)
Armour
 a - a +0 robe (worn)
Scrolls
 e - 2 scrolls of identify {unknown}
 i - a scroll of remove curse
 k - a scroll of fear {unknown}
Jewellery
 c - an amulet of warding (around neck)
Potions
 d - a potion of flight {unknown}
 f - a potion of confusion {unknown}
 g - a potion of haste {unknown}
 h - a potion of brilliance {unknown}
 j - a potion of restore abilities {unknown}
 m - a potion of cancellation {unknown}
Books
 b - a book of Callings

   Spells                             Type                      Level
   *Summon Small Mammal               Summoning                    1
   *Call Imp                          Summoning                    2
   *Call Canine Familiar              Summoning                    3
   Summon Guardian Golem              Hexes/Summoning              4
   Summon Lightning Spire             Summoning/Air                4
   Summon Ice Beast                   Ice/Summoning                4


   Skills:
 + Level 1.8 Fighting
 + Level 3.1 Dodging
 - Level 3.0 Stealth
 - Level 2.0 Spellcasting
 * Level 5.1 Summonings


You had one spell level left.
You knew the following spells:

 Your Spells              Type           Power        Failure   Level  Hunger
a - Summon Small Mammal   Summ           ###.         1%          1    #......
d - Call Canine Familiar  Summ           ###.....     10%         3    ####...
s - Call Imp              Summ           ###.....     3%          2    ##.....


Dungeon Overview and Level Annotations

Branches:
Dungeon (3/15)

Altars:


Innate Abilities, Weirdness & Mutations

Your natural rate of healing is unusually fast.
You have razor-sharp teeth.
You have supernaturally acute eyesight.
You can survive without breathing.


Message History

You are too injured to fight recklessly!
You hit the centaur skeleton. The centaur skeleton hits you!
* * * LOW HITPOINT WARNING * * *
You hit the centaur skeleton.
The centaur skeleton closely misses you.
You hit the centaur skeleton. The centaur skeleton barely misses you.
The centaur skeleton hits you.
* * * LOW HITPOINT WARNING * * *
You hit the centaur skeleton but do no damage.
The centaur skeleton hits you.
* * * LOW HITPOINT WARNING * * *
Casting: Summon Small Mammal
Confirm with . or Enter, or press ? or * to list all spells.
The centaur skeleton hits you.
* * * LOW HITPOINT WARNING * * *
You hit the centaur skeleton. The centaur skeleton hits you.
* * * LOW HITPOINT WARNING * * *
Your hound bites the centaur skeleton.
The centaur skeleton hits you.
You die...

.........
...........
#.........
#........ #.......#
... #.......##...
#....h........
#....Z......# ..
#..<.@......# ...
..#.##........##.
....
l..................
...#
..................
...#
..................
...#
..................
...# +
...............###
...#.>.
...............+
.......
#..............#


You could see a centaur skeleton and a friendly hound.

Vanquished Creatures
  An orc wizard (D:3)
  2 adders (D:3)
  3 worms (D:2)
  A giant gecko (D:3)
  4 orcs (D:3)
  2 giant cockroaches
  8 goblins
  4 hobgoblins
  3 jackals (D:3)
  6 kobolds
  6 bats
  4 rats
44 creatures vanquished.

Vanquished Creatures (collateral kills)
  4 hobgoblins
  A giant newt (D:2)
  2 goblins
7 creatures vanquished.

Vanquished Creatures (others)
  A rat (D:1)
1 creature vanquished.

Grand Total: 52 creatures vanquished

Notes
Turn   | Place    | Note
--------------------------------------------------------------
     0 | D:1      | PolkaDot, the Vampire Summoner, began the quest for the Orb.
     0 | D:1      | Reached XP level 1. HP: 13/13 MP: 3/3
   313 | D:1      | Reached skill level 1 in Fighting
   463 | D:1      | Reached XP level 2. HP: 21/21 MP: 4/4
   930 | D:2      | Learned a level 2 spell: Call Imp
  1214 | D:2      | Reached XP level 3. HP: 19/26 MP: 6/6
  1567 | D:2      | Learned a level 3 spell: Call Canine Familiar
  1713 | D:3      | Reached XP level 4. HP: 12/33 MP: 7/7
  1721 | D:3      | Reached skill level 5 in Summonings
  1939 | D:3      | HP: 1/33 [centaur skeleton (4)]
  1940 | D:3      | Slain by a centaur skeleton

Action                   |  1- 3 |  4- 6 || total
-------------------------+-------+-------++-------
Melee: Club              |    11 |       ||    11
       Unarmed           |     8 |       ||     8
       Dagger            |   126 |    35 ||   161
 Cast: Summon Small Mamm |    15 |       ||    15
       Call Canine Famil |       |     1 ||     1
  Use: Scroll            |     2 |       ||     2
       Potion            |     1 |       ||     1
 Stab: Sleeping          |     7 |     2 ||     9
  Eat: Corpse            |    14 |     3 ||    17
